[Event "Titled Tuesday Blitz March 28 Late 2023"]
[White "Wang, Alexander J"]
[Black "Jocev, Milan"]
[WhiteFideId "30955270"]
[BlackFideId "900680"]
[WhiteElo "2305"]
[BlackElo "2323"]
[Result "0-1"]
[Round "03"]
[TimeControl "180+2"]
[Date "2023.03.28"]
[WhiteClock "0:00:55"]
[BlackClock "0:01:42"]

1. e4 c6 2. d4 d5 3. f3 Qb6 4. Nc3 e6 5. Nge2 Nf6 6. g3 h5 7. Bg2 h4 8. Rb1 h3 9. Bf1 e5 10. Be3 dxe4 11. fxe4 Ng4 12. Bg1 Be6 13. d5 Bc5 14. Bxc5 Qxc5 15. Qd2 Qf2+ 16. Kd1 Ne3+ 17. Kc1 Nxf1 18. Nd1 Nxd2 19. Nxf2 Nxb1 20. dxe6 f6 21. Kxb1 Na6 22. Nd3 Nc7 23. Nc5 b6 24. Nd3 Nxe6 25. g4 O-O-O 26. Ng3 Ng5 27. Nf5 Nxe4 28. Nxg7 Rdg8 29. Nf5 Rxg4 30. Nb4 Kc7 31. Ne7 a5 32. Nbxc6 Nd2+ 33. Kc1 Nf3 34. Rf1 Rg1 35. Rxg1 Nxg1 36. Kd1 Nf3 37. Ke2 Nxh2 38. Na7 Ng4 39. Nd5+ Kb7 40. Nb5 h2 41. Ne3 Nxe3 42. Kxe3 h1=Q 43. Nd6+ Kc6 44. b4 Rh3+ 45. Kd2 Qd5+ 46. Kc1 Qxd6 47. a4 Rh1+ 48. Kb2 Qxb4+ 49. Ka2 Qxa4+ 50. Kb2 Qb4+ 51. Ka2 Rb1 52. c4 Qb2# 0-1


[Site "https://www.chess.com"]

[Event "Titled Tuesday Blitz March 28 Late 2023"]
[White "Zeynalli, Rashad"]
[Black "Bogaudinov, Rushan"]
[WhiteFideId "13403320"]
[BlackFideId "4129288"]
[WhiteElo "2125"]
[BlackElo "1949"]
[Result "0-1"]
[Round "03"]
[TimeControl "180+2"]
[Date "2023.03.28"]
[WhiteClock "0:00:32"]
[BlackClock "0:00:23"]

1. e4 c5 2. Nf3 Nc6 3. d4 cxd4 4. Nxd4 a6 5. Nc3 e6 6. Be3 Qc7 7. a3 b5 8. f4 Bb7 9. Qd2 Nf6 10. e5 Ng4 11. Bg1 b4 12. axb4 Bxb4 13. Ra4 Be7 14. Be2 h5 15. Bf3 O-O 16. Rc4 Qa5 17. Nxc6 Bxc6 18. Be4 Qa1+ 19. Nd1 Rab8 20. Ba7 Rb7 21. Bd4 Bxe4 22. O-O Qa2 23. b3 Rxb3 24. Nc3 Qxc2 25. Nxe4 Qxe4 26. h3 Ne3 27. Re1 Nxc4 28. Qd1 Qd3 29. Qa1 Ra3 30. Qd1 Qxd1 31. Rxd1 Ne3 32. Bxe3 Rxe3 33. Rxd7 Bc5 34. Kh2 h4 35. Rc7 Rc3 36. Rc6 Bg1+ 37. Kxg1 Rxc6 38. Kf2 a5 39. Kf3 a4 40. Kg4 a3 41. Kxh4 a2 42. g3 a1=Q 43. g4 Qc1 44. f5 Qh6+ 0-1


[Site "https://www.chess.com"]

[Event "Titled Tuesday Blitz March 28 Late 2023"]
[White "Garrido, Denis"]
[Black "Grebeniuk, Semen"]
[WhiteFideId "601217"]
[BlackFideId "14117509"]
[WhiteElo "2288"]
[BlackElo "2266"]
[Result "0-1"]
[Round "03"]
[TimeControl "180+2"]
[Date "2023.03.28"]
[WhiteClock "0:00:17"]
[BlackClock "0:00:36"]

1. e4 c5 2. Nf3 Nc6 3. d4 cxd4 4. Nxd4 g6 5. c4 Bg7 6. Be3 Nf6 7. Nc3 d6 8. Be2 Nxd4 9. Bxd4 Be6 10. O-O O-O 11. b3 a6 12. Rc1 Qa5 13. Re1 Rfc8 14. Bf1 b5 15. cxb5 axb5 16. Qf3 b4 17. Bxf6 Bxf6 18. Nd5 Bxd5 19. exd5 Qxa2 20. Bc4 Qd2 21. Rcd1 Qg5 22. g3 Bc3 23. Re2 Qf6 24. Qg4 h5 25. Qe4 Ra7 26. h4 Rca8 27. Kg2 Kf8 28. Qe3 Ra2 29. Rxa2 Rxa2 30. Rf1 Kg7 31. Qf3 Bd4 32. Qxf6+ Kxf6 33. Kf3 e5 34. dxe6 fxe6 35. Ke4 Bc5 36. Bd3 Rxf2 37. Rxf2+ Bxf2 38. Kf3 Bc5 39. Bc4 d5 40. Bd3 e5 41. Ke2 e4 42. Bc2 Ke5 43. Bd1 Bd6 44. Kd2 Kd4 45. g4 Bf4+ 46. Kc2 hxg4 47. Bxg4 Bg3 48. h5 gxh5 49. Bxh5 Ke3 50. Kd1 d4 51. Bf7 d3 52. Bg6 Kd4 53. Bh5 e3 54. Bg4 e2+ 55. Bxe2 dxe2+ 56. Kxe2 Kc3 0-1


[Site "https://www.chess.com"]

[Event "Titled Tuesday Blitz March 28 Late 2023"]
[White "Cori T., Deysi"]
[Black "Prieto Aranguren, Alain"]
[WhiteFideId "3801934"]
[BlackFideId "2268906"]
[WhiteElo "2292"]
[BlackElo "2209"]
[Result "1-0"]
[Round "03"]
[TimeControl "180+2"]
[Date "2023.03.28"]
[WhiteClock "0:01:02"]
[BlackClock "0:00:20"]

1. d4 d5 2. c4 e6 3. Nc3 Nf6 4. Nf3 Be7 5. Bg5 O-O 6. e3 h6 7. Bh4 Nbd7 8. Qc2 c6 9. Rd1 Qa5 10. Bd3 dxc4 11. Bxc4 e5 12. O-O exd4 13. exd4 Nb6 14. Bb3 Bg4 15. Qd3 Qh5 16. Bxf6 Bxf6 17. Ne4 Bd8 18. Ng3 Qb5 19. Qe4 Bxf3 20. Qxf3 Nd5 21. Nf5 Bg5 22. h4 Bd8 23. Qg4 g6 24. h5 Bg5 25. hxg6 fxg6 26. Nd6 Qa5 27. Qe6+ Kg7 28. Qd7+ Kg8 29. Nxb7 Qb5 30. Nd6 Qa5 31. Qxc6 1-0


[Site "https://www.chess.com"]

[Event "Titled Tuesday Blitz March 28 Late 2023"]
[White "Dubreuil, Julien"]
[Black "Aggelis, Nikolaos"]
[WhiteFideId "621285"]
[BlackFideId "4213220"]
[WhiteElo "2277"]
[BlackElo "2189"]
[Result "0-1"]
[Round "03"]
[TimeControl "180+2"]
[Date "2023.03.28"]
[WhiteClock "0:00:18"]
[BlackClock "0:00:20"]

1. e4 c6 2. Nf3 d5 3. exd5 cxd5 4. Ne5 Nc6 5. d4 g6 6. Bb5 Bd7 7. Nxd7 Qxd7 8. O-O Bg7 9. Re1 a6 10. Ba4 b5 11. Bb3 Nxd4 12. Nc3 Nxb3 13. axb3 Nf6 14. Bg5 O-O 15. Bxf6 exf6 16. Qxd5 Qxd5 17. Nxd5 f5 18. c3 Ra7 19. b4 Rd8 20. Rad1 Rad7 21. Ne3 Rxd1 22. Rxd1 Rxd1+ 23. Nxd1 Bh6 24. Kf1 Kf8 25. Ke2 Ke7 26. b3 Ke6 27. Kd3 Bf4 28. g3 Bd6 29. Ne3 f4 30. Nc2 fxg3 31. fxg3 Kf5 32. c4 h5 33. cxb5 axb5 34. Nd4+ Kg4 35. Nxb5 Bxb4 36. Nd4 Kh3 37. Nf3 Kg2 38. Ke2 f6 39. Ke3 g5 40. Ke4 Ba5 41. Nxg5 fxg5 42. Kf5 Bd8 43. h4 g4 44. Kg6 Kxg3 45. Kxh5 Bxh4 46. b4 Bd8 47. b5 Kf3 0-1


[Site "https://www.chess.com"]

[Event "Titled Tuesday Blitz March 28 Late 2023"]
[White "Wu, Sibo"]
[Black "Di Berardino, Diego Rafael"]
[WhiteFideId "8606048"]
[BlackFideId "2105446"]
[WhiteElo "2275"]
[BlackElo "2432"]
[Result "1/2-1/2"]
[Round "03"]
[TimeControl "180+2"]
[Date "2023.03.28"]
[WhiteClock "0:00:04"]
[BlackClock "0:00:04"]

1. d4 Nf6 2. Bf4 c5 3. d5 d6 4. Nc3 e5 5. Bd2 b5 6. Nxb5 Nxd5 7. e4 Nc7 8. Nf3 Be7 9. a4 O-O 10. Bc4 Be6 11. Na3 Nc6 12. c3 Rb8 13. Qc2 Na5 14. Bxe6 fxe6 15. b4 Nc6 16. b5 Na5 17. c4 Nb7 18. O-O Qe8 19. a5 Qg6 20. Kh1 Rf7 21. b6 axb6 22. axb6 Ne8 23. Nb5 Nd8 24. Ra6 Nc6 25. Rfa1 Rb7 26. Ra8 Rf8 27. R1a6 h6 28. Qd3 Kh7 29. h3 Nd4 30. Nbxd4 exd4 31. R8a7 Rxa7 32. Rxa7 Bd8 33. Qb1 d5 34. b7 Bc7 35. b8=Q Bxb8 36. Qxb8 dxe4 37. Ne5 Qf5 38. Be1 e3 39. f3 d3 40. Ra2 d2 41. Bxd2 exd2 42. Rxd2 Nd6 43. Qxd6 Ra8 44. Nd3 Ra1+ 45. Kh2 Qg5 46. Qe5 Qxd2 47. Qxa1 Qxd3 48. Qc1 Qf5 49. Qe3 h5 50. Kg1 h4 51. Kf2 Qc2+ 52. Kg1 Qxc4 53. Qg5 Qd4+ 54. Kh2 Qd6+ 55. f4 Qd4 56. Qh5+ Kg8 57. Qe8+ Kh7 58. Qh5+ Kg8 59. Qe8+ Kh7 60. Qh5+ 1/2-1/2


[Site "https://www.chess.com"]

[Event "Titled Tuesday Blitz March 28 Late 2023"]
[White "MKlose11"]
[Black "koteRV1610"]
[WhiteElo "2553"]
[BlackElo "2274"]
[Result "0-1"]
[Round "03"]
[TimeControl "180+2"]
[Date "2023.03.28"]
[WhiteClock "0:00:18"]
[BlackClock "0:00:09"]

1. e4 e6 2. Nf3 d5 3. e5 c5 4. b4 cxb4 5. a3 Nc6 6. d4 Nh6 7. Bxh6 gxh6 8. Bd3 Bg7 9. O-O O-O 10. Nbd2 f5 11. exf6 Qxf6 12. Nb3 Bd7 13. Nc5 Bc8 14. Nb3 bxa3 15. c3 b6 16. Rxa3 Bd7 17. Bc2 Be8 18. Qe2 Bh5 19. Nbd2 e5 20. Qb5 e4 21. Qxd5+ Bf7 22. Qxe4 Bg6 23. Qd5+ Kh8 24. Bxg6 Qxg6 25. Re1 Rad8 26. Qe6 Rf6 27. Qe4 Qf7 28. Raa1 Rg6 29. g3 a5 30. Nc4 Qxc4 31. Rab1 b5 32. Nh4 Rf6 33. Nf5 Qf7 34. Rxb5 Bf8 35. Re2 a4 36. Ne3 Re8 37. Qd3 a3 38. Rb6 a2 39. Ra6 Qg6 40. Qxg6 Rxg6 41. Raxa2 Ne7 42. Kg2 Rc8 43. Rac2 Nc6 44. d5 Ne5 45. f4 Nc4 46. Nf5 Rf6 47. Nd4 Bc5 48. Ne6 Ne3+ 49. Kf3 Nxc2 50. Rxc2 Rf7 51. c4 Ra7 52. Ke4 Ra4 53. f5 Bd6 54. Kd4 Kg8 55. g4 Kf7 56. h4 Kf6 57. Rc3 Be5+ 58. Kd3 Bxc3 59. Kxc3 Rcxc4+ 60. Kd3 Rxg4 61. d6 Ra7 62. Ke3 Kxf5 63. Nd4+ Rxd4 64. d7 Rdxd7 65. Kf3 Ra4 66. h5 Rb7 67. Kg3 Rb3+ 68. Kh2 Ra2+ 69. Kg1 Rb1# 0-1


[Site "https://www.chess.com"]

[Event "Titled Tuesday Blitz March 28 Late 2023"]
[White "Mendez Fortes, Eduardo Jesus"]
[Black "Fajdetic, Hrvoje"]
[WhiteFideId "3502376"]
[BlackFideId "14501945"]
[WhiteElo "2307"]
[BlackElo "2185"]
[Result "1-0"]
[Round "03"]
[TimeControl "180+2"]
[Date "2023.03.28"]
[WhiteClock "0:01:02"]
[BlackClock "0:00:04"]

1. e4 c5 2. Nf3 a6 3. c4 Nc6 4. d4 cxd4 5. Nxd4 g6 6. Nc3 Bg7 7. Be3 d6 8. Be2 Nf6 9. O-O O-O 10. Qd2 Nxd4 11. Bxd4 Be6 12. b3 Nd7 13. Be3 Rc8 14. Rac1 f5 15. exf5 Bxf5 16. Bf3 Rb8 17. Ba7 Ne5 18. Bd5+ e6 19. Bxb8 Qxb8 20. Be4 d5 21. cxd5 Ng4 22. g3 Bxc3 23. Rxc3 Bxe4 24. Qe2 Bf5 25. dxe6 Re8 26. e7 Qd6 27. Re1 Nf6 28. Re3 h5 29. Rd1 Qc7 30. f3 Kf7 31. Re1 Qc5 32. Kg2 b5 33. Re5 Qc6 34. Qe3 Ng4 35. Rxf5+ gxf5 36. Qg5 1-0


[Site "https://www.chess.com"]

[Event "Titled Tuesday Blitz March 28 Late 2023"]
[White "Fernandez Sanchez, Mario Andres"]
[Black "Klenburg, Michael"]
[WhiteFideId "6501621"]
[BlackFideId "14102072"]
[WhiteElo "2050"]
[BlackElo "2396"]
[Result "1/2-1/2"]
[Round "03"]
[TimeControl "180+2"]
[Date "2023.03.28"]
[WhiteClock "0:00:14"]
[BlackClock "0:00:17"]

1. d4 d6 2. Bf4 Nf6 3. Nc3 g6 4. e4 c6 5. Qd2 Qa5 6. O-O-O b5 7. f3 b4 8. Nce2 Qxa2 9. Qxb4 Na6 10. Qa3 Qxa3 11. bxa3 Nc7 12. c4 Nd7 13. Nc3 Bg7 14. Kc2 O-O 15. Nge2 Nb6 16. c5 Nc4 17. cxd6 Nxd6 18. Nc1 Be6 19. h4 Ncb5 20. Nxb5 Nxb5 21. d5 Bd7 22. Bxb5 cxb5 23. Nd3 Rfc8+ 24. Kb3 Rc3+ 25. Ka2 Rc2+ 26. Kb1 Rxg2 27. Rd2 Rxd2 28. Bxd2 Rc8 29. h5 e6 30. hxg6 hxg6 31. d6 Bd4 32. e5 f6 33. f4 Kg7 34. Bb4 Rc4 35. Rc1 Bc6 36. Rxc4 bxc4 37. Nc5 Bxc5 38. Bxc5 fxe5 39. fxe5 a6 40. Kc2 g5 41. Kc3 Kg6 42. Kxc4 Kf5 43. Bd4 Ke4 44. Kc5 Bd7 45. Bc3 g4 46. Kb6 g3 47. Be1 g2 48. Bf2 Kxe5 49. Kc7 Bb5 50. d7 Bxd7 51. Kxd7 Kd5 52. Kc7 Kc4 53. Kd6 Kb3 54. Kxe6 Kxa3 55. Kf5 a5 56. Kg4 Kb3 57. Kf3 a4 58. Kxg2 Kc3 59. Bh4 a3 60. Bf6+ Kc2 61. Bh8 a2 62. Bg7 Kb1 63. Bf6 a1=Q 64. Bxa1 1/2-1/2


[Site "https://www.chess.com"]

[Event "Titled Tuesday Blitz March 28 Late 2023"]
[White "FuenfgegenWilly"]
[Black "Bilan, Danila"]
[BlackFideId "24161918"]
[WhiteElo "2259"]
[BlackElo "2182"]
[Result "0-1"]
[Round "03"]
[TimeControl "180+2"]
[Date "2023.03.28"]
[WhiteClock "0:00:20"]
[BlackClock "0:00:21"]

1. d4 d5 2. c4 c6 3. cxd5 cxd5 4. Nc3 Nf6 5. Bf4 a6 6. e3 Nc6 7. Bd3 Bg4 8. f3 Bd7 9. Kf2 e6 10. h4 Be7 11. h5 h6 12. Nge2 Na5 13. Rc1 Rc8 14. e4 dxe4 15. fxe4 Ng4+ 16. Kg1 e5 17. Bxe5 Nxe5 18. dxe5 Bc5+ 19. Kf1 O-O 20. Nd5 Be6 21. b4 Bxd5 22. exd5 Bxb4 23. Rxc8 Qxc8 24. Rh3 Qc5 25. Bb1 Nc4 26. g4 Nd2+ 27. Kg2 Qxd5+ 28. Kg1 Nf3+ 0-1


[Site "https://www.chess.com"]

[Event "Titled Tuesday Blitz March 28 Late 2023"]
[White "Napoli, Nicolo"]
[Black "Belov, Alexei"]
[WhiteFideId "813702"]
[BlackFideId "4128206"]
[WhiteElo "2308"]
[BlackElo "2541"]
[Result "1-0"]
[Round "03"]
[TimeControl "180+2"]
[Date "2023.03.28"]
[WhiteClock "0:01:54"]
[BlackClock "0:01:44"]

1. e4 e6 2. d4 d5 3. Nc3 Nf6 4. Bg5 dxe4 5. Nxe4 Be7 6. Bxf6 Bxf6 7. Nf3 O-O 8. Bd3 Bxd4 9. c3 Bb6 10. Qc2 f5 11. Neg5 h6 12. O-O-O Qf6 13. h4 Nd7 14. Rde1 Nc5 15. Bc4 hxg5 16. hxg5 Qg6 17. Rh4 Ne4 18. Reh1 Bd7 19. Rh8+ Kf7 20. Ne5+ Ke7 21. Nxg6+ Kd6 22. Qd3+ 1-0


[Site "https://www.chess.com"]

[Event "Titled Tuesday Blitz March 28 Late 2023"]
[White "Ibadov, Dashgyn"]
[Black "Rose, Felix"]
[WhiteFideId "24107514"]
[BlackFideId "5105722"]
[WhiteElo "2208"]
[BlackElo "2039"]
[Result "0-1"]
[Round "03"]
[TimeControl "180+2"]
[Date "2023.03.28"]
[WhiteClock "0:00:02"]
[BlackClock "0:00:13"]

1. e4 c5 2. Nf3 g6 3. c3 Bg7 4. d4 cxd4 5. cxd4 d5 6. e5 Nc6 7. Bb5 Bg4 8. h3 Bxf3 9. Qxf3 Rc8 10. Nc3 e6 11. O-O Ne7 12. Bg5 Qb6 13. Rad1 O-O 14. Qf4 a6 15. Bxc6 Nxc6 16. Na4 Qb4 17. b3 h6 18. Bf6 g5 19. Qe3 b5 20. Bxg7 Kxg7 21. Nb2 Qa3 22. Nd3 Qxa2 23. h4 Qxb3 24. hxg5 Kh7 25. gxh6 Rg8 26. Qf4 Rc7 27. Rfe1 Rg6 28. Nc5 Qc2 29. Rc1 Qf5 30. Qxf5 exf5 31. Nxa6 Ra7 32. Nc5 Nxd4 33. Rcd1 Ne6 34. Rxd5 Rxg2+ 35. Kxg2 Nf4+ 36. Kf3 Nxd5 37. e6 Ra3+ 38. Kg2 fxe6 39. Rxe6 Nf4+ 40. Kh2 Nxe6 41. Nxe6 b4 42. Nd4 b3 0-1


[Site "https://www.chess.com"]

[Event "Titled Tuesday Blitz March 28 Late 2023"]
[White "Hajiyev, Kanan"]
[Black "Araujo, Everson De Moura"]
[WhiteFideId "13404148"]
[BlackFideId "22737197"]
[WhiteElo "2103"]
[BlackElo "2035"]
[Result "1-0"]
[Round "03"]
[TimeControl "180+2"]
[Date "2023.03.28"]
[WhiteClock "0:00:59"]
[BlackClock "0:00:02"]

1. d4 d5 2. Nf3 Nf6 3. c4 e6 4. cxd5 exd5 5. Nc3 c6 6. Qc2 h6 7. Bf4 Bd6 8. Bxd6 Qxd6 9. e3 O-O 10. Bd3 Re8 11. O-O Nbd7 12. Rab1 a5 13. Ne2 Ne4 14. Ng3 Ndf6 15. Ne5 Nxg3 16. hxg3 Be6 17. a3 Nd7 18. Nxd7 Qxd7 19. b4 axb4 20. axb4 b5 21. Rfc1 Ra6 22. Qc5 Qb7 23. Qd6 Qd7 24. Qc5 Rc8 25. Rb2 Bf5 26. Bf1 Qb7 27. Rb3 Bd7 28. Rbc3 Rca8 29. Qe7 Bc8 30. Qd6 Qd7 31. Qe5 Bb7 32. Be2 Re8 33. Qf4 Rea8 34. Bg4 Qe8 35. Qc7 Qb8 36. Qe7 Qd8 37. Qe5 Ra4 38. Rb3 Ra2 39. Bf5 Rd2 40. Bb1 1-0


[Site "https://www.chess.com"]

[Event "Titled Tuesday Blitz March 28 Late 2023"]
[White "Dobre, Claudiu-Cristian"]
[Black "Bullen, Alex"]
[WhiteFideId "1211854"]
[BlackFideId "1801627"]
[WhiteElo "2207"]
[BlackElo "2088"]
[Result "1-0"]
[Round "03"]
[TimeControl "180+2"]
[Date "2023.03.28"]
[WhiteClock "0:00:15"]
[BlackClock "0:00:01"]

1. e4 c6 2. Nf3 d5 3. exd5 cxd5 4. Ne5 Nc6 5. d4 g6 6. Bb5 Bd7 7. Nxd7 Qxd7 8. c3 Nf6 9. Nd2 Bg7 10. Nf3 a6 11. Ne5 Qe6 12. Bxc6+ bxc6 13. O-O Nd7 14. Nd3 O-O 15. b3 Rfe8 16. Ba3 Qf5 17. f4 Nf6 18. Ne5 Rac8 19. Qe2 Ne4 20. Rac1 f6 21. g4 Qe6 22. f5 gxf5 23. gxf5 fxe5 24. fxe6 Kh8 25. c4 Bh6 26. cxd5 Rg8+ 27. Kh1 Bxc1 28. Rxc1 cxd5 29. Rxc8 Rxc8 30. Bxe7 Rc1+ 31. Kg2 1-0


[Site "https://www.chess.com"]

[Event "Titled Tuesday Blitz March 28 Late 2023"]
[White "Kornyukov, Alexey"]
[Black "Chylewski, Patryk"]
[WhiteFideId "4150457"]
[BlackFideId "1186191"]
[WhiteElo "2352"]
[BlackElo "2163"]
[Result "0-1"]
[Round "03"]
[TimeControl "180+2"]
[Date "2023.03.28"]
[WhiteClock "0:00:11"]
[BlackClock "0:01:06"]

1. d4 Nf6 2. c4 e6 3. Nc3 Bb4 4. f3 c5 5. d5 b5 6. e4 O-O 7. e5 Ne8 8. f4 d6 9. Nf3 dxe5 10. fxe5 Bb7 11. d6 f6 12. exf6 Qxf6 13. d7 Nxd7 14. Be2 Rd8 15. Bg5 Bxc3+ 16. Kf1 Qxg5 17. bxc3 Ne5 18. Qc1 0-1


[Site "https://www.chess.com"]

[Event "Titled Tuesday Blitz March 28 Late 2023"]
[White "Risteski, Emil"]
[Black "Benevides Demasi, Joao Otavio"]
[WhiteFideId "15005267"]
[BlackFideId "30916224"]
[WhiteElo "2251"]
[BlackElo "2119"]
[Result "1-0"]
[Round "03"]
[TimeControl "180+2"]
[Date "2023.03.28"]
[WhiteClock "0:01:06"]
[BlackClock "0:00:17"]

1. f4 g6 2. e4 Bg7 3. Nc3 d6 4. Bc4 e6 5. Bb3 Ne7 6. d3 O-O 7. h4 c5 8. h5 Nbc6 9. hxg6 hxg6 10. Qg4 Nd4 11. Qh4 Re8 12. Nge2 Nec6 13. Qh7+ Kf8 14. f5 gxf5 15. Bh6 Qf6 16. Qh8+ Ke7 17. Qxg7 Qxg7 18. Bxg7 Rg8 19. Bxd4 cxd4 20. Nb5 fxe4 21. dxe4 Rxg2 22. Nbxd4 Bd7 23. O-O-O a6 24. Rh7 Rf8 25. Nf4 Rg4 26. Nfxe6 Nxd4 27. Nxd4 Rxe4 28. c3 b5 29. Rf1 Be8 30. Nf5+ Kd7 31. Ng7 Re7 32. Rf6 a5 33. Nxe8 Rexe8 34. Rfxf7+ Rxf7 35. Rxf7+ Kc6 36. a4 Re1+ 37. Kd2 Rb1 38. axb5+ Kxb5 39. Kc2 Rg1 40. Rb7+ Kc6 41. Rb8 Rg2+ 42. Kb1 Kc5 43. Ka2 Rh2 44. Ba4 d5 45. Rb5+ Kc4 46. Rxa5 d4 47. Bb3+ Kd3 48. Rd5 Rg2 49. Rxd4+ 1-0


[Site "https://www.chess.com"]

[Event "Titled Tuesday Blitz March 28 Late 2023"]
[White "Ahn, Hongjin"]
[Black "Buchenau, Frank"]
[WhiteFideId "13201492"]
[BlackFideId "4604350"]
[WhiteElo "2182"]
[BlackElo "2157"]
[Result "1-0"]
[Round "03"]
[TimeControl "180+2"]
[Date "2023.03.28"]
[WhiteClock "0:01:13"]
[BlackClock "0:00:01"]

1. b3 d5 2. Bb2 Nf6 3. g3 Bg4 4. Bg2 c6 5. Nf3 Nbd7 6. O-O h6 7. c4 e6 8. d3 Be7 9. Nbd2 O-O 10. Qc2 Bf5 11. e4 Bh7 12. e5 Ne8 13. Rad1 Nc7 14. Nb1 a5 15. Rfe1 a4 16. Qc1 axb3 17. axb3 Nc5 18. Qc3 N5a6 19. Ba3 Bxa3 20. Nxa3 Qe7 21. Nc2 Rfd8 22. Ne3 Qb4 23. Qb2 Nc5 24. Bf1 Qxb3 25. Qc1 Ra2 26. cxd5 Na4 27. d6 Nd5 28. Nxd5 Qxd5 29. Bg2 Qb5 30. Nd4 Qb6 31. Qc4 Nb2 32. Qxa2 Nxd1 33. Nxe6 1-0


[Site "https://www.chess.com"]

[Event "Titled Tuesday Blitz March 28 Late 2023"]
[White "Krishnan, Varun"]
[Black "Necula, Iulian"]
[WhiteFideId "5054508"]
[BlackFideId "1232380"]
[WhiteElo "2524"]
[BlackElo "1790"]
[Result "1-0"]
[Round "03"]
[TimeControl "180+2"]
[Date "2023.03.28"]
[WhiteClock "0:00:17"]
[BlackClock "0:00:08"]

1. d4 d6 2. e4 Nf6 3. Nc3 e5 4. Nf3 Nbd7 5. Bc4 Be7 6. O-O h6 7. a4 c6 8. a5 Qc7 9. h3 g5 10. dxe5 dxe5 11. Nh2 Nf8 12. Ng4 Nxg4 13. hxg4 Ng6 14. g3 O-O 15. Kg2 Kg7 16. Be3 Qd7 17. Qxd7 Bxd7 18. f3 Bb4 19. Ne2 Be6 20. Bxe6 fxe6 21. c3 Be7 22. Rfd1 Rfd8 23. b4 Nf8 24. Rab1 a6 25. Bc5 Rxd1 26. Rxd1 Rd8 27. Rxd8 Bxd8 28. Nc1 Nd7 29. Bd6 Kf7 30. Nd3 Be7 31. Bxe5 c5 32. Bc7 cxb4 33. cxb4 Kf6 34. f4 e5 35. Nxe5 Nxe5 36. Bxe5+ Kg6 37. Bc3 h5 38. f5+ Kh6 39. f6 Bf8 40. e5 Kg6 41. e6 hxg4 42. e7 Kf7 43. exf8=Q+ Kxf8 44. Bd2 Kf7 45. Bxg5 Kg6 46. Kf2 1-0


[Site "https://www.chess.com"]

[Event "Titled Tuesday Blitz March 28 Late 2023"]
[White "Oliveira, Tiago Batista"]
[Black "Rodshtein, Maxim"]
[WhiteFideId "2108291"]
[BlackFideId "2806851"]
[WhiteElo "1962"]
[BlackElo "2555"]
[Result "0-1"]
[Round "03"]
[TimeControl "180+2"]
[Date "2023.03.28"]
[WhiteClock "0:00:01"]
[BlackClock "0:00:32"]

1. d4 g6 2. c4 Bg7 3. Nc3 d6 4. e4 Nc6 5. Be3 e5 6. d5 Nce7 7. Be2 f5 8. f3 Nf6 9. Qc2 O-O 10. Nh3 c6 11. O-O-O cxd5 12. Nxd5 Nexd5 13. exd5 Bd7 14. Kb1 Rc8 15. Qb3 Qa5 16. Bd2 Qc7 17. Nf2 a5 18. g4 a4 19. Qb4 Rfe8 20. Rhg1 e4 21. Bc3 exf3 22. Bxf3 Re3 23. Bh1 fxg4 24. Nd3 Bf5 25. Rg3 Rxg3 26. hxg3 Qxc4 27. Qxc4 Rxc4 28. Ka1 Nd7 29. Bxg7 Kxg7 30. Nf4 Nc5 31. a3 b5 32. Bg2 Rc2 33. Bf1 Bd7 34. Nd3 Nxd3 35. Bxd3 Rg2 36. Rc1 Kf6 37. Rc7 Bf5 38. Bxb5 Rg1+ 39. Ka2 Bb1+ 0-1


[Site "https://www.chess.com"]

[Event "Titled Tuesday Blitz March 28 Late 2023"]
[White "Graif, William"]
[Black "Aung Thant Zin"]
[WhiteFideId "2609835"]
[BlackFideId "13000063"]
[WhiteElo "2205"]
[BlackElo "2278"]
[Result "1-0"]
[Round "03"]
[TimeControl "180+2"]
[Date "2023.03.28"]
[WhiteClock "0:00:52"]
[BlackClock "0:01:30"]

1. e4 c5 2. Nc3 a6 3. g3 Nc6 4. Bg2 e5 5. d3 Nf6 6. Nge2 Be7 7. Bg5 O-O 8. Bxf6 Bxf6 9. Nd5 d6 10. Qd2 Be6 11. O-O Bxd5 12. exd5 Ne7 13. Rae1 Ng6 14. h4 Re8 15. Nc3 Be7 16. Bh3 Nf8 17. f4 exf4 18. Qxf4 Bf6 19. Ne4 Bd4+ 20. Kg2 f6 21. Qxd6 Be5 22. Qxc5 Rc8 23. Qxc8 Qxc8 24. Bxc8 Rxc8 25. c3 Nd7 26. d4 Bb8 27. b3 Nb6 28. c4 1-0


[Site "https://www.chess.com"]

[Event "Titled Tuesday Blitz March 28 Late 2023"]
[White "Vargas, Mauricio"]
[Black "Pirvulescu, Ekaterina"]
[WhiteFideId "4404572"]
[BlackFideId "13506374"]
[WhiteElo "2025"]
[BlackElo "2006"]
[Result "0-1"]
[Round "03"]
[TimeControl "180+2"]
[Date "2023.03.28"]
[WhiteClock "0:00:02"]
[BlackClock "0:00:26"]

1. e4 Nf6 2. e5 Nd5 3. Nc3 Nxc3 4. dxc3 g6 5. Bc4 Bg7 6. Bg5 O-O 7. Qd2 Bxe5 8. O-O-O Bg7 9. h4 Qe8 10. Nf3 e6 11. h5 d5 12. Bd3 f6 13. Bh6 g5 14. Bxg7 Kxg7 15. h6+ Kh8 16. Rde1 Nc6 17. c4 dxc4 18. Bxc4 Qd8 19. Qc3 e5 20. Rd1 Qe7 21. a3 Bg4 22. Bd5 Bxf3 23. Bxf3 Nd4 24. Bh5 Rad8 25. Rhe1 Qd6 26. Qb3 Nxb3+ 27. cxb3 Qc6+ 28. Kb1 Rxd1+ 29. Rxd1 f5 30. Bf3 Qxh6 31. g3 e4 32. Rh1 Qxh1+ 33. Bxh1 Rd8 34. Kc2 Kg7 35. Bg2 Kf6 36. g4 Ke5 37. gxf5 Kxf5 38. Bh3+ Kf4 39. Bg2 h5 0-1


[Site "https://www.chess.com"]

[Event "Titled Tuesday Blitz March 28 Late 2023"]
[White "Burke, Paul"]
[Black "Ashraf, Artin"]
[WhiteFideId "2605767"]
[BlackFideId "22514805"]
[WhiteElo "1957"]
[BlackElo "2188"]
[Result "0-1"]
[Round "03"]
[TimeControl "180+2"]
[Date "2023.03.28"]
[WhiteClock "0:01:08"]
[BlackClock "0:01:06"]

1. e4 Nc6 2. Nf3 e5 3. Bc4 Bc5 4. b4 Bxb4 5. c3 Ba5 6. d4 d6 7. d5 Nce7 8. Qa4+ c6 9. dxc6 bxc6 10. Qb3 d5 11. exd5 cxd5 12. Bb5+ Bd7 13. Nxe5 Nf6 14. Qa4 Bc7 15. Nxd7 Nxd7 16. Bxd7+ Qxd7 17. Qxd7+ Kxd7 18. O-O Rac8 19. Be3 a6 20. Nd2 Ba5 21. Rab1 Bxc3 22. Rb7+ Ke6 23. Nf3 f6 24. Nd4+ Bxd4 25. Bxd4 Rhe8 26. Re1+ Kf7 27. Ra7 Kg6 28. h3 Nc6 29. Rxe8 Rxe8 0-1


[Site "https://www.chess.com"]

[Event "Titled Tuesday Blitz March 28 Late 2023"]
[White "Ansh M Shah"]
[Black "Gokerkan, Cem Kaan"]
[WhiteFideId "25033379"]
[BlackFideId "6336760"]
[WhiteElo "2084"]
[BlackElo "2365"]
[Result "0-1"]
[Round "03"]
[TimeControl "180+2"]
[Date "2023.03.28"]
[WhiteClock "0:00:01"]
[BlackClock "0:00:05"]

1. d4 Nf6 2. c4 g6 3. h4 Bg7 4. Nc3 c5 5. d5 e6 6. e4 exd5 7. exd5 d6 8. Be2 O-O 9. h5 Re8 10. Kf1 a6 11. a4 Nbd7 12. h6 Bh8 13. Bf4 Ne5 14. Nf3 Nxf3 15. Bxf3 Qb6 16. Ra3 Nd7 17. a5 Qc7 18. g3 Ne5 19. Be2 b6 20. axb6 Qxb6 21. Rb3 Qd8 22. Kg2 Bf5 23. Bxe5 Bxe5 24. Bg4 Qg5 25. Bxf5 Qxf5 26. Qf3 Qxf3+ 27. Kxf3 Reb8 28. Rxb8+ Rxb8 29. Ra1 Rb6 30. Ra2 f5 31. Ke2 g5 32. Kd3 Kf7 33. Kc2 Bxc3 34. Kxc3 Kg6 35. Ra1 Kxh6 36. Re1 Kh5 37. f3 a5 38. b3 f4 39. Rh1+ Kg6 40. gxf4 gxf4 41. Rh4 h5 42. Rxf4 Rb7 43. Rf8 Rf7 44. Rg8+ Kh6 45. Rg3 h4 46. Rh3 Kg5 47. Kd3 Re7 48. Rh1 Rf7 49. Ke4 Re7+ 50. Kd3 Rb7 51. Rg1+ Kf5 52. Rg4 Rh7 53. Ke2 h3 54. Rg1 h2 55. Rh1 Kf4 56. Kf2 Rh6 57. Kg2 Rh7 58. Kf2 Rh3 59. Kg2 Rg3+ 60. Kxh2 Rxf3 61. Ra1 Rxb3 62. Rxa5 Rb4 63. Ra6 Ke5 64. Kg3 Rxc4 65. Kf2 Kxd5 66. Ke3 Rc3+ 67. Kd2 Rh3 68. Ra8 Kd4 69. Rd8 Rh2+ 70. Kc1 d5 71. Rg8 c4 72. Rg4+ Kc5 73. Rg5 Rf2 74. Kd1 Ra2 75. Kc1 Kd4 76. Rg4+ Kc3 77. Rg3+ Kb4 78. Rg5 d4 79. Rg3 d3 80. Kb1 Rh2 81. Rg1 Kb3 82. Rc1 c3 83. Rd1 c2+ 0-1


[Site "https://www.chess.com"]